 Dungeon Crawl Stone Soup version 0.26.1-11-gd32895ea62 (webtiles) character file.

Game seed: 11958651758678207153

79 raph the Chopper (level 4, -3/39 HPs)
             Began as a Hill Orc Fighter on May 5, 2021.
             Slain by a gnoll
             ... wielding a +0 flail
              (7 damage)
             ... on level 2 of the Dungeon.
             The game lasted 00:01:38 (1153 turns).

raph the Chopper (Hill Orc Fighter)                 Turns: 1153, Time: 00:01:38

Health: -3/39      AC:  6    Str: 18    XL:     4   Next: 38%
Magic:  4/4        EV:  7    Int:  8    God:
Gold:   58         SH:  9    Dex: 11    Spells: 3/3 levels left

rFire    . . .     SeeInvis .   a - +0 war axe
rCold    . . .     Faith    .   c - +0 kite shield
rNeg     . . .     Spirit   .   b - +0 scale mail
rPois    .         Reflect  .   (no helmet)
rElec    .         Harm     .   (no cloak)
rCorr    .         Rampage  .   (no gloves)
Will     .....                  (no boots)
Stlth    ..........             (no amulet)
HPRegen  0.13/turn              k - ring of flight
MPRegen  0.09/turn              (no ring)

@: no status effects
A: no striking features
a: Evoke Flight


You were on level 2 of the Dungeon.
You visited 1 branch of the dungeon, and saw 2 of its levels.

You collected 58 gold pieces.

Inventory:

Hand Weapons
 a - a +0 war axe (weapon)
Armour
 b - a +0 scale mail (worn)
 c - a +0 kite shield (worn)
Jewellery
 k - a ring of flight (left hand)
Scrolls
 e - a scroll of magic mapping {unknown}
 g - a scroll of remove curse {unknown}
 h - a scroll of blinking {unknown}
 i - a scroll of fog {unknown}
 l - a scroll of teleportation {unknown}
 m - a scroll of identify {unknown}
Potions
 d - a potion of might
 f - a potion of invisibility {unknown}
 j - a potion of flight {unknown}
 n - a potion of curing {unknown}
 o - a potion of attraction {unknown}


   Skills:
 - Level 3.6 Fighting
 + Level 6.0 Axes
 - Level 3.2 Armour
 - Level 3.2 Shields


You had 3 spell levels left.
You didn't know any spells.
Your spell library was empty.

Dungeon Overview and Level Annotations

Branches:
Dungeon (2/15)

Altars:


Message History

You slash the gnoll!
You kill the gnoll!
You barely miss the gnoll. The gnoll hits you with a +0 flail.
The gnoll hits you with a +0 flail!
* * * LOW HITPOINT WARNING * * *
Your Axes skill increases to level 6!
You hit the gnoll but do no damage.
The gnoll is lightly wounded.
You block the gnoll's attack.
You closely miss the gnoll.
The gnoll is lightly wounded.
The gnoll hits you with a +0 flail.
* * * LOW HITPOINT WARNING * * *
You barely miss the gnoll.
The gnoll is lightly wounded.
You block the gnoll's attack.
You hit the gnoll.
The gnoll is moderately wounded.
The gnoll hits you with a +0 flail!
You die...

.......# #... .......###
.... ####### .......†.#
#... .......
(......#.#######..# .....#
.......#.......##[##.....#
.......#.#####.##..#.....#
...#####.# #.##..#.....##
#### #.# #.##g.>.......
### #..@)######### ######


You could see a gnoll.

Vanquished Creatures
  2 gnolls (D:2)
  2 adders (D:2)
  An ooze (D:1)
  2 dart slugs
  2 giant cockroaches (D:1)
  5 goblins
  3 hobgoblins (D:1)
  8 bats
  A frilled lizard (D:1)
  5 kobolds
  3 rats
34 creatures vanquished.

Vanquished Creatures (others)
  12 fungi (D:1)
12 creatures vanquished.

Grand Total: 46 creatures vanquished

Notes
Turn   | Place    | Note
-------+----------+-------------------------------------------
     0 | D:1      | raph the Hill Orc Fighter began the quest for the Orb.
     0 | D:1      | Reached XP level 1. HP: 19/19 MP: 1/1
    56 | D:1      | Reached skill level 3 in Axes
   189 | D:1      | Reached XP level 2. HP: 26/26 MP: 2/2
   330 | D:1      | Reached skill level 4 in Axes
   405 | D:1      | Reached XP level 3. HP: 27/31 MP: 3/3
   945 | D:2      | Reached skill level 5 in Axes
  1143 | D:2      | Reached XP level 4. HP: 30/39 MP: 4/4
  1150 | D:2      | Reached skill level 6 in Axes
  1153 | D:2      | Slain by a gnoll

Illustrated notes

Levels and vault maps discovered:
D:1:      scummos_arrival_checkerplants, layout_loops_ring, minmay_3d_cube
D:2:      layout_basic

Skill      XL: |  1  2  3  4 |
---------------+-------------+-----
Axes           | 3 4 5 6 |  6.0
Fighting       | |  3.6
Armour         | |  3.2
Shields        | |  3.2

Action                   |  1- 3 |  4- 6 || total
-------------------------+-------+-------++-------
Melee: War axe           |    82 |    11 ||    93
Armor: Scale mail        |    41 |     1 ||    42
Dodge: Dodged            |    22 |     4 ||    26
Block: Kite shield       |    36 |     7 ||    43
